 Dungeon Crawl Stone Soup version 0.28.0-53-g5a82cb258f (webtiles) character file.

Game seed: 11451843904946121173

51 SanguineChosen the Skirmisher (level 3, -1/46 HPs)
             Began as a Palentonga Abyssal Knight on June 16, 2022.
             Was a Believer of Lugonu.
             Slain by an ice beast (2 damage)
             ... on level 2 of the Dungeon.
             The game lasted 00:11:13 (1400 turns).

SanguineChosen the Skirmisher (PaAK)                Turns: 1400, Time: 00:11:13

Health: -1/46      AC: 21    Str: 20    XL:     3   Next: 58%
Magic:  4/4        EV:  1    Int: 10    God:    Lugonu [**....]
Gold:   64         SH:  0    Dex: 10    Spells: 2/2 levels left

rFire   . . .      SeeInvis +   a - +1 falchion
rCold   . . .      Faith    .   (no shield)
rNeg    . . .      Spirit   .   (armour currently unavailable)
rPois   +          Reflect  .   (helmet currently unavailable)
rElec   .          Harm     .   (cloak currently unavailable)
rCorr   .          Rampage  .   (gloves currently unavailable)
Will    .....      NoTele   +   (no barding)
Stlth   +.........              (no amulet)
HPRegen 0.15/turn               (no ring)
MPRegen 0.09/turn               (no ring)

@: tree-form
A: stationary, stasis, torment immunity, boosted hp, large, rugged brown scales
3, see invisible, (deformed body), (roll 1), (armoured tail), strong 1,
MP-powered wands
a: Renounce Religion, Depart the Abyss, Bend Space


You were on level 2 of the Dungeon.
You worshipped Lugonu.
Lugonu was pleased with you.
You were a tree.
You visited 1 branch of the dungeon, and saw 3 of its levels.
You visited the Abyss 1 time.

You collected 64 gold pieces.

Inventory:

Hand Weapons
 a - a +1 falchion (weapon)
Armour
 b - a +0 leather armour
 e - a +0 ring mail (melded)
 j - a +0 helmet (melded)
Scrolls
 d - a scroll of blinking {unknown}
 f - a scroll of teleportation {unknown}
 g - a scroll of enchant armour {unknown}
 h - a scroll of identify {unknown}
Potions
 c - a potion of berserk rage {unknown}
 k - a potion of brilliance {unknown}


   Skills:
 + Level 3.6 Fighting
 + Level 2.7 Long Blades
 + Level 2.0 Armour
 + Level 1.1 Dodging
 + Level 2.1 Invocations


You had 2 spell levels left.
You didn't know any spells.
Your spell library was empty.

Dungeon Overview and Level Annotations

Branches:
Dungeon (3/15)

Altars:

Shops:
D:1 !


Innate Abilities, Weirdness & Mutations

You are a tree.
Your roots penetrate the ground, keeping you stationary.
You cannot be teleported.
You are immune to unholy pain and torment.
Your maximum health is greatly increased.
Your equipment is partially melded.
(You are completely covered in rugged brown scales. (AC +3, +7% HP))
You have supernaturally acute eyesight. (SInv)
((Armour fits poorly on your strangely shaped body.))
((You can roll at nearby foes to attack.))
((You have a long armoured tail.))
Your muscles are strong. (Str +2)
You expend magic power (3 MP) to strengthen your wands.


Message History

Your roots penetrate the ground.
The ice beast hits you but does no damage.
Unknown command.
Unknown command.
Unknown command.
Unknown command.
Unknown command.
The ice beast hits you but does no damage.
Unknown command.
You cannot move.
You cannot move.
You cannot move.
You cannot move.
You cannot move.
You cannot move.
You cannot move.
You cannot move.
You cannot move.
You cannot move.
You cannot move.
You cannot move.
The ice beast hits you but does no damage.
The ice beast hits you but does no damage.
The ice beast hits you but does no damage.
The ice beast hits you but does no damage.
The ice beast hits you but does no damage.
The ice beast hits you but does no damage.
The ice beast hits you but does no damage.
The ice beast hits you but does no damage.
The ice beast hits you but does no damage.
The ice beast hits you but does no damage.
The ice beast hits you but does no damage.
The ice beast hits you but does no damage.
The ice beast hits you.
* * * LOW HITPOINT WARNING * * *
The ice beast freezes you.
* * * LOW HITPOINT WARNING * * *
The ice beast hits you but does no damage.
The ice beast hits you.
You die...

##..# ######
########..# #.....
#.........###
###.####
#........>..#
#.#.#...
#........##'###
###.#.#.##
########......#
#...#....#
#......###.#..<#...
#..Y...'..........#
#.♣)...###....>....
#......# ########.#
#......# #..
#......# ###
#......# #......#
########


You could see an ice beast.

Vanquished Creatures
  An adder (D:2)
  A worm (D:2)
  An orc (D:2)
  2 bats
  4 endoplasms (D:2)
  A giant cockroach (D:2)
  2 goblins (D:1)
  6 hobgoblins
  3 jackals (D:1)
  A quokka (D:1)
  6 ball pythons
  A frilled lizard (D:1)
  5 kobolds
  A rat (D:2)
35 creatures vanquished.

Notes
Turn   | Place    | Note
-------+----------+-------------------------------------------
     0 | Abyss:1  | SanguineChosen the Palentonga Abyssal Knight began the
                  | quest for the Orb.
     0 | Abyss:1  | Reached XP level 1. HP: 19/19 MP: 2/2
     0 | D:1      | Escaped the Abyss
    33 | D:1      | Reached * piety under Lugonu
   155 | D:1      | Found Sauh's Distillery.
   218 | D:1      | Reached XP level 2. HP: 18/25 MP: 3/3
   225 | D:1      | Gained mutation: Your muscles are strong. (Str +2) [potion
                  | of mutation]
   225 | D:1      | Gained mutation: You expend magic power (3 MP) to
                  | strengthen your wands. [potion of mutation]
   228 | D:1      | HP: 1/25 [jackal (1)]
   698 | D:1      | Found a faded altar of an unknown god.
   903 | D:2      | Reached skill level 1 in Dodging
   903 | D:2      | Reached XP level 3. HP: 31/31 MP: 4/4
  1340 | D:3      | Noticed an ice beast
  1383 | D:2      | Reached ** piety under Lugonu
  1398 | D:2      | HP: 1/46 [ice beast (5)]
  1400 | D:2      | Slain by an ice beast

Illustrated notes

Levels and vault maps discovered:
D:1:      scummos_arrival_checkerplants, layout_basic, serial_shops, shop,
          hellmonk_ecumenical_altar_inner_sanctum
D:2:      layout_basic
D:3:      layout_rooms

Skill      XL: |  1  2  3 |
---------------+----------+-----
Dodging        | 1 |  1.1
Armour         | 2 |  2.0
Fighting       | |  3.6
Long Blades    | |  2.7
Invocations    | |  2.1

Action                   || total
-------------------------++-------
Melee: Falchion          ||    96
       Tailslap          ||     8
Invok: Depart the Abyss  ||     1
 Abil: Rolling Charge    ||    20
  Use: Potion            ||     2
Armor: Leather armour    ||    35
       Ring mail         ||    25
       Skin              ||    15
Dodge: Dodged            ||    73
